 Dungeon Crawl Stone Soup version 0.30-a0-358-g0d69a1922f (webtiles) character file.

Game seed: 18250902245031888768

90 Hubris850 the Covered (level 4, -5/40 HPs)
             Began as an Armataur Fighter on Nov 9, 2022.
             Was an Initiate of Makhleb.
             Slain by Pikel
             ... wielding a +2 whip of freezing
              (7 damage)
             ... on level 3 of the Dungeon.
             The game lasted 00:05:50 (2338 turns).

Hubris850 the Covered (Armataur Fighter)            Turns: 2338, Time: 00:05:50

Health: -5/40      AC:  7    Str: 24    XL:     4   Next: 32%
Magic:  4/4        EV:  7    Int:  8    God:    Makhleb [......]
Gold:   185        SH:  5    Dex: 15    Spells: 3/3 levels left

rFire   . . .      SeeInvis .    a - +0 flail
rCold   . . .      Faith    .    c - +0 buckler
rNeg    . . .      Spirit   .    b - +0 scale mail
rPois   .          Reflect  .    (no helmet)
rElec   .          Harm     .    (no cloak)
rCorr   .          Roll     +    (no gloves)
Will    .....                    (no barding)
Stlth   ..........               (no amulet)
HPRegen 0.26/turn                k - +6 ring of dexterity
MPRegen 0.09/turn                (no ring)

@: no status effects
A: large, rugged brown scales 3, deformed body, armoured tail, roll, long
tongue, awkward tongue
a: Renounce Religion


You were on level 3 of the Dungeon.
You worshipped Makhleb.
Makhleb was noncommittal.
You visited 1 branch of the dungeon, and saw 4 of its levels.

You collected 185 gold pieces.

Inventory:

Hand Weapons
 a - a +0 flail (weapon)
Missiles
 m - 3 poisoned darts (quivered)
Armour
 b - a +0 scale mail (worn)
 c - a +0 buckler (worn)
Jewellery
 k - a +6 ring of dexterity (left hand)
Scrolls
 e - a scroll of summoning {unknown}
 f - a scroll of vulnerability {unknown}
 g - 2 scrolls of teleportation {unknown}
 h - 5 scrolls of identify {unknown}
 i - 2 scrolls of magic mapping {unknown}
 j - a scroll of immolation {unknown}
 l - 3 scrolls of blinking {unknown}
 n - a scroll of amnesia {unknown}
 p - a scroll of torment {unknown}
 r - a scroll of poison {unknown}
Potions
 d - 4 potions of might
 o - a potion of haste {unknown}
 q - 3 potions of berserk rage {unknown}
 s - 2 potions of curing {unknown}
 t - 2 potions of brilliance {unknown}
 u - a potion of flight {unknown}
 v - a potion of lignification {unknown}


   Skills:
 + Level 3.2 Fighting
 + Level 2.5 Maces & Flails
 + Level 4.4 Armour
 + Level 4.0 Shields
 + Level 0.5 Invocations


You had 3 spell levels left.
You didn't know any spells.
Your spell library contained the following spells:

 Spells                   Type           Power      Damage    Failure   Level
 Inner Flame              Hex/Fire       0%         N/A       98%         3
 Portal Projectile        Hex/Tloc       0%         N/A       98%         3
 Tukima's Dance           Hex            0%         N/A       98%         3
 Flame Wave               Conj/Fire      0%         2d4       100%        4
 Petrify                  Tmut/Erth      0%         N/A       100%        4
 Sticky Flame             Conj/Fire      0%         2d3       100%        4
 Blade Hands              Tmut           0%         N/A       100%        5
 Metabolic Englaciation   Hex/Ice        0%         N/A       100%        5
 Statue Form              Tmut/Erth      0%         N/A       100%        6


Dungeon Overview and Level Annotations

Branches:
Dungeon (4/15)
 Temple: D:4-7

Altars:
Cheibriados
Dithmenos
Makhleb
Wu Jian
Xom
Yredelemnul

Annotations:
D:3 Pikel


Innate Abilities, Weirdness & Mutations

You are completely covered in rugged brown scales. (AC +3, +7% HP)
Armour fits poorly on your strangely shaped body.
You have a long armoured tail.
You roll when moving toward enemies. (Rampage)
Your long tongue fully drains potion bottles. (2x potion effects)
Your tongue gives you trouble enunciating. (1.5x scroll delay)


Message History

There are monsters nearby!
You sock the lemure!
The lemure is heavily wounded.
The lemure barely misses you.
Pikel hits you with a +2 whip of freezing.
Pikel freezes you. The lemure hits you. The lemure closely misses you.
You block the lemure's attack.
You climb upwards.
There is a stone staircase leading down here.
You sock the lemure!
The lemure is severely wounded.
The lemure hits you.
You hit Pikel.
Your tail-slap misses Pikel.
Pikel is lightly wounded.
The lemure barely misses you.
You hit Pikel. You tail-slap Pikel, but do no damage.
Pikel is lightly wounded.
The lemure hits you.
Pikel hits you with a +2 whip of freezing.
Pikel freezes you. The lemure barely misses you.
Pikel hits you with a +2 whip of freezing!
* * * LOW HITPOINT WARNING * * *
Pikel freezes you.
* * * LOW HITPOINT WARNING * * *
You barely miss Pikel.
Pikel is lightly wounded.
The lemure hits you.
* * * LOW HITPOINT WARNING * * *
Pikel hits you but does no damage.
Unknown command.
You hit Pikel but do no damage.
Your tail-slap misses Pikel.
Pikel is lightly wounded.
The lemure hits you but does no damage. You block Pikel's attack.
Unknown command.
You hit Pikel.
Pikel is lightly wounded.
The lemure hits you!
* * * LOW HITPOINT WARNING * * *
Pikel hits you with a +2 whip of freezing!
You die...

.# ##..# #.# #.#
.#####...# #.# #.#
....##.#.# #.# #.#
....##.#.# #.# #.#
....##.#.# #.###### #.#
.........####......###.#
....##.................#
....##..####.#.###.#####
....##..###.###K@55#
.............#.#####
######..#####.## #..#
#.# ######..# #.#
........# #.# #########
#.# # #.# ## #.#


You could see Pikel and 2 lemures.

Vanquished Creatures
  4 adders
  2 worms
  2 dart slugs
  3 bats
  5 endoplasms
  3 giant cockroaches (D:2)
  2 goblins
  3 hobgoblins
  5 kobolds
  2 quokkas (D:1)
  4 ball pythons
  4 frilled lizards
  4 rats
43 creatures vanquished.

Notes
Turn   | Place    | Note
-------+----------+-------------------------------------------
     0 | D:1      | Hubris850 the Armataur Fighter began the quest for the Orb.
     0 | D:1      | Reached XP level 1. HP: 19/19 MP: 1/1
   250 | D:1      | Reached XP level 2. HP: 26/26 MP: 2/2
  1058 | D:2      | Found a shimmering altar of Xom.
  1350 | D:2      | Reached XP level 3. HP: 33/33 MP: 3/3
  1679 | D:3      | Found a basalt altar of Yredelemnul.
  1679 | D:3      | Found a shadowy altar of Dithmenos.
  1687 | D:3      | Found a snail-covered altar of Cheibriados.
  1687 | D:3      | Found an ornate altar of the Wu Jian Council.
  1687 | D:3      | Found a burning altar of Makhleb.
  1725 | D:3      | Became a worshipper of Makhleb the Destroyer
  1879 | D:3      | Reached XP level 4. HP: 40/40 MP: 4/4
  2329 | D:4      | Noticed Pikel
  2329 | D:4      | Noticed a lemure
  2329 | D:4      | Noticed a lemure
  2329 | D:4      | Noticed a lemure
  2329 | D:4      | Noticed a lemure
  2338 | D:3      | HP: 2/40 [lemure[Pikel] (8)]
  2338 | D:3      | Slain by Pikel

Illustrated notes

Levels and vault maps discovered:
D:1:      psy_arrival_terrarium, layout_basic
D:2:      layout_loops_ring, basic_altar, minmay_surrounded
D:3:      layout_loops_ring, grunt_temple_overflow_open,
          nicolae_underground_beach
D:4:      layout_cave_pools, lemuel_tele_altar, uniq_pikel

Skill      XL: |  1  2  3  4 |
---------------+-------------+-----
Maces & Flails | 2 |  2.5
Armour         | 4 |  4.4
Fighting       | 3 |  3.2
Shields        | 4 |  4.0
Invocations    | |  0.5

Action                   |  1- 3 |  4- 6 || total
-------------------------+-------+-------++-------
Melee: Flail             |    94 |    19 ||   113
       Tailslap          |     8 |     3 ||    11
Armor: Scale mail        |    43 |     6 ||    49
Dodge: Dodged            |    26 |    10 ||    36
Block: Buckler           |    20 |     3 ||    23

Table legend: (Time is in decaauts)
 A = Elapsed time spent in this place.
 B = Non-inter-level travel time spent in this place.
 C = Inter-level travel time spent in this place.
 D = Time resting spent in this place.
 E = Time spent auto-exploring this place.
 F = Levels seen in this place.
 G = Mean time per level.
                   A        B        C        D        E       F      G
               +--------+--------+--------+--------+--------+-----+--------+
         Total |   2373 |   2335 |     38 |     65 |   1928 |   4 |  593.2 |
       Dungeon |   2373 |   2335 |     38 |     65 |   1928 |   4 |  593.2 |
               +--------+--------+--------+--------+--------+-----+--------+

Top non-repeatable levels by time:
     D:1: 937 daAuts
     D:2: 763 daAuts
     D:3: 668 daAuts
     D:4: 3 daAuts
